AoeStats
← DeMoTiX

MegaRandom

510415294Analyzed
3v3 RM · 19h ago on Sep 30, 2026· 61m 25s· 6 players
Game mode
Random Map
Map size
Normal (6 player)
Population
200
Speed
Normal
Resources
Standard
Victory
Conquest
Starting age
Dark Age
Ending age
Imperial Age
RankedLock teamsTeams togetherTeam positionsShared explorationLock speedFull tech treeHidden civsTurbo modeCheats
Victory
Defeat
🇬🇧 Vikings · United Kingdom
891
+14
🇧🇴 Koreans · Bolivia
844
+16
🇧🇷 Lithuanians · Brazil
762
+19
🇳🇱 Ethiopians · Netherlands
918
-20
🇩🇪 Byzantines · Germany
838
-16
🇨🇭 Italians · Switzerland
757
-13
Sm0k1nG040
12:21 Feudal Age
15:39 Castle Age
15:33 Double-Bit Axe
17:00 Wheelbarrow
21:32 Horse Collar
22:29 Bow Saw
24:07 Gold Mining
25:28 Gold Shaft Mining
25:35 Fletching
30:59 Imperial Age
28:16 Loom
28:53 Crossbowman
29:37 Bodkin Arrow
29:43 Padded Archer Armor
33:00 Chemistry
32:22 Ballistics
32:27 Conscription
31:33 Arbalester
32:22 Thumb Ring
32:22 Bracer
32:38 Leather Archer Armor
36:10 Ring Archer Armor
36:45 Coinage
duro-dur8
7:08 Loom
10:54 Feudal Age
11:20 Double-Bit Axe
11:19 Horse Collar
15:46 Wheelbarrow
21:18 Castle Age
22:06 Forging
22:01 Scale Barding Armor
21:21 Light Cavalry
22:02 Husbandry
22:23 Bloodlines
23:42 Stone Mining
23:58 Heavy Plow
24:23 Bow Saw
27:23 Iron Casting
28:34 Stone Shaft Mining
27:50 Gold Mining
31:05 Chain Barding Armor
35:08 Hand Cart
34:39 Town Watch
39:26 Imperial Age
38:07 Chain Barding Armor
45:22 Imperial Age
57:23 Crop Rotation
MMOREE
1:04 Loom
11:21 Feudal Age
13:56 Wheelbarrow
14:57 Double-Bit Axe
17:05 Horse Collar
30:34 Castle Age
51:32 Imperial Age
50:28 Heavy Plow
50:24 Gold Mining
50:25 Stone Mining
51:06 Hand Cart
52:47 Husbandry
53:56 Fortified Wall
54:31 Bow Saw
54:45 Murder Holes
55:28 Conscription
54:29 Elite Cataphract
BetrayedSnail57
10:17 Loom
13:07 Feudal Age
13:52 Double-Bit Axe
18:04 Castle Age
16:32 Stone Mining
16:31 Horse Collar
18:12 Gold Mining
20:00 Bow Saw
22:49 Crossbowman
36:45 Elite Skirmisher
40:18 Ballistics
41:03 Fletching
41:14 Padded Archer Armor
42:27 Bodkin Arrow
42:48 Leather Archer Armor
53:39 Heavy Plow
60:45 Imperial Age
58:47 Forging
58:44 Scale Barding Armor
DeMoTiX
8:55 Loom
11:22 Feudal Age
14:22 Double-Bit Axe
22:54 Castle Age
23:52 Bow Saw
28:04 Wheelbarrow
28:01 Fletching
29:45 Hand Cart
31:18 Thumb Ring
31:17 Bodkin Arrow
31:31 Gold Mining
32:01 Scale Barding Armor
33:15 Stone Mining
34:13 Horse Collar
35:12 Gold Shaft Mining
35:13 Stone Shaft Mining
35:56 Husbandry
37:59 Chain Barding Armor
41:07 Forging
40:57 Scale Mail Armor
46:31 Imperial Age
44:26 Ballistics
45:03 Heavy Plow
45:39 Eupseong
46:36 Heated Shot
48:19 Chemistry
47:46 Elite War Wagon
47:58 Cavalier
49:02 Town Watch
50:12 Bracer
50:47 Iron Casting
50:29 Chain Mail Armor
53:06 Town Patrol
55:27 Elite Cannon Galleon
leticiav1995
7:57 Loom
11:27 Feudal Age
12:32 Double-Bit Axe
20:35 Castle Age
18:04 Man-at-Arms
18:46 Horse Collar
19:26 Stone Mining
21:10 Forging
21:29 Scale Mail Armor
22:26 Elite Skirmisher
24:41 Wheelbarrow
26:43 Fletching
26:54 Padded Archer Armor
27:40 Heavy Plow
28:33 Hand Cart
33:08 Imperial Age
31:25 Scale Barding Armor
31:36 Leather Archer Armor
31:55 Chain Mail Armor
32:16 Iron Casting
32:25 Bloodlines
35:49 Crop Rotation
35:34 Bow Saw
35:48 Chain Barding Armor
36:59 Hoardings
36:34 Bodkin Arrow
36:52 Gold Mining
37:39 Stone Shaft Mining
37:39 Tower Shields
39:43 Husbandry
43:51 Ring Archer Armor
43:22 Bracer
43:59 Plate Barding Armor
44:20 Thumb Ring
44:05 Elite Leitis
45:03 Caravan
50:49 Cavalier
53:21 Paladin
56:57 Chemistry
56:18 Ballistics
55:49 Heated Shot
58:23 Pikeman
59:04 Squires
61:22 Halberdier
Connection lost

Rejoining the realm…

Still unreachable

The connection could not be restored.

Session expired

The server has moved on; the page needs a fresh start.